Map: Ley Lines

Players

Vaisravana

  • Race: Protoss Protoss
  • Spawn Location: 1:00

A.I. 2 (Very Easy) - Winner!

  • Race: Zerg Zerg
  • Spawn Location: 7:00

VOD

Have the link to the VOD?

Description

Time

  • Played on: Aug. 4, 2025, 10:16 a.m.
  • Length: 5:42
Show
View Real Time Build Order
Export as new Build Order

Vaisravana Protoss 

Build Orders: 1 Gate Expand 

Get SALT Encoding   

  12  0:00  Probe  
  13  0:12  Probe  
  14  0:17  Pylon  
  14  0:26  Probe  
  15  0:36  Probe  
  15  0:38  Gateway  
  16  0:44  Probe  
  16  0:47  Assimilator  
  17  0:53  Probe  
  18  1:05  Probe  
  19  1:17  Probe  
  20  1:26  Cybernetics Core  
  20  1:35  Nexus  
  20  1:39  Probe  
  21  1:45  Pylon  
  21  1:51  Probe  
  21  1:52  Stalker  
  21  1:54  Assimilator  
  22  2:03  Probe  
  22  2:07  Warp Gate  
  25  2:15  Probe  
  25  2:21  Adept  
  28  2:27  Probe  
  29  2:32  Robotics Facility  
  29  2:40  Probe  
  30  2:47  Probe  
  31  2:52  Probe  
  32  2:59  Probe  
  32  3:04  Probe  
  32  3:05  Gateway  
  34  3:08  Immortal  
  34  3:11  Probe  
  35  3:16  Probe  
  40  3:25  Probe  
  41  3:27  Gateway  
  41  3:28  Probe  
  41  3:33  Gateway  
  42  3:36  Pylon  
  42  3:39  Probe  
  42  3:40  Probe  
  44  3:43  Warp Prism  
  44  3:51  Probe  
  44  3:52  Probe  
  48  4:04  Gateway  
  48  4:07  Gateway  
  48  4:11  Gateway  
  48  4:22  Gateway  
  48  4:25  Stalker x2  
  48  4:30  Stalker  
  54  4:35  Pylon  
  54  4:36  Pylon  
  54  4:53  Stalker x2  
  54  4:54  Stalker x2  
  62  5:00  Stalker  
  62  5:01  Stalker  
  66  5:22  Stalker x2  
  66  5:26  Pylon  
  66  5:28  Pylon  
Show
View Real Time Build Order
Export as new Build Order

A.I. 2 (Very Easy) Zerg - Winner!

Build Orders: Pool Only 

Get SALT Encoding   

  12  0:01  Drone  
  13  0:12  Overlord  
  13  0:17  Drone  
  14  0:34  Spawning Pool  
  13  0:36  Drone  
  13  0:40  Extractor  
  13  0:43  Drone  
  14  0:51  Overlord  
  14  1:21  Zergling x2  
  14  1:23  Queen  
  17  1:31  Roach Warren  
  16  1:33  Extractor  
  16  1:37  Drone  
  16  1:44  Drone  
  16  1:47  Zergling x2  
  18  2:03  Drone  
  19  2:10  Drone  
  19  2:12  Zergling x2  
  21  2:20  Drone  
  22  2:30  Overlord  
  22  2:32  Drone  
  23  2:38  Roach  
  23  2:40  Drone  
  26  2:47  Drone  
  27  5:03  Zergling x2  
  23  5:24  Overlord  
Tags
 
Add a new tag
Caveats
  • Supply blocks, unpowered buildings, or Contaminate may cause inaccurate times.
  • Supply counts are checked every 10 seconds.